 Dungeon Crawl Stone Soup version 0.24.0-123-gd5b16e6ec5 (webtiles) character file.

Game seed: 7903984039570974674, levelgen mode: deterministic

61 eccles the Skirmisher (level 3, 0/45 HPs)
             Began as a Demonspawn Berserker on Jan 8, 2020.
             Was a Believer of Trog.
             Slain by an orc priest
             ... wielding a +0 war axe
              (4 damage)
             ... on level 3 of the Dungeon.
             The game lasted 00:05:07 (1435 turns).

eccles the Skirmisher (Demonspawn Berserker)        Turns: 1435, Time: 00:05:09

Health: 0/45       AC:  9    Str: 23    XL:     3   Next: 83%
Magic:  3/3        EV:  8    Int:  8    God:    Trog [**....]
Gold:   92         SH:  0    Dex: 12    Spells: 2/2 levels left

rFire    . . .     SeeInvis .   a - +0 hand axe
rCold    . . .     Gourm    .   (no shield)
rNeg     . . .     Faith    .   l - +0 chain mail
rPois    .         Spirit   .   (no helmet)
rElec    .         Reflect  .   p - +0 cloak
rCorr    .         Harm     .   (no gloves)
MR       .....                  (no boots)
Stlth    ..........             (no amulet)
HPRegen  0.15/turn              (no ring)
MPRegen  0.08/turn              (no ring)

@: berserking, very quick
A: spiny 1
a: Berserk, Trog's Hand, Renounce Religion


You were on level 3 of the Dungeon.
You worshipped Trog.
Trog was pleased with you.
You were near starving.

You visited 1 branch of the dungeon, and saw 3 of its levels.

You collected 92 gold pieces.

Inventory:

Hand Weapons
 a - a +0 hand axe (weapon)
Missiles
 e - 24 stones (quivered)
 o - 47 arrows
Armour
 b - a +0 animal skin
 l - a +0 chain mail (worn)
 p - a +0 cloak (worn)
 r - a +1 cloak
Jewellery
 g - an uncursed ring of poison resistance {unknown}
Scrolls
 d - a scroll of teleportation {unknown}
 j - a scroll of enchant weapon {unknown}
 m - a scroll of identify {unknown}
 n - a scroll of remove curse {unknown}
 q - a scroll of amnesia {unknown}
Potions
 f - 2 potions of curing {unknown}
 h - 2 potions of ambrosia {unknown}
 i - a potion of mutation {unknown}
 k - 2 potions of degeneration {unknown}
Comestibles
 c - 4 rations


   Skills:
 * Level 3.9 Fighting
 * Level 3.5 Axes
 * Level 2.0 Armour
 + Level 1.8 Dodging


You had 2 spell levels left.
You didn't know any spells.
Your spell library was empty.

Dungeon Overview and Level Annotations

Branches:
Dungeon (3/15)

Altars:
Ashenzari
Elyvilon
Qazlal
Vehumet
Yredelemnul


Innate Abilities, Weirdness & Mutations

You are partially covered in sharp spines.


Message History

The orc wizard is struck by your spines.
The orc wizard hits you but does no damage.
You hit the orc priest.
The orc priest is severely wounded.
You closely miss the orc wizard. The orc wizard misses you.
The orc priest hits you with a +0 war axe.
* * * LOW HITPOINT WARNING * * *
Your chain mail prevents you from hitting the orc priest.
The orc priest is severely wounded.
You closely miss the orc wizard. The orc wizard casts a spell at you.
The magic dart hits you.
* * * LOW HITPOINT WARNING * * *
You hit the orc priest but do no damage.
The orc priest is severely wounded.
You barely miss the orc wizard.
The orc wizard hits you with a +0 dagger.
* * * LOW HITPOINT WARNING * * *
The orc priest hits you with a +0 war axe.
You die...

### ..# #.# #.#
##.##
#######...###.###
.......<.@o......
.#####.###o##.###
#. ..) #. .### #w
.# ## ##


You could see an orc priest and an orc wizard.

Vanquished Creatures
  An adder (D:2)
  2 oozes
  A worm (D:3)
  A dart slug (D:1)
  A leopard gecko (D:1)
  3 orcs (D:3)
  4 goblins (D:1)
  2 hobgoblins (D:1)
  4 jackals (D:2)
  7 kobolds
  3 bats
  5 rats
34 creatures vanquished.

Notes
Turn   | Place    | Note
-------+----------+-------------------------------------------
     0 | D:1      | eccles the Demonspawn Berserker began the quest for the
                  | Orb.
     0 | D:1      | Reached XP level 1. HP: 18/18 MP: 1/1
   185 | D:1      | Gained mutation: You are partially covered in sharp spines.
                  | [demonic ancestry]
   185 | D:1      | Reached XP level 2. HP: 24/24 MP: 2/2
   634 | D:2      | Reached XP level 3. HP: 29/29 MP: 3/3
   691 | D:2      | Reached ** piety under Trog
  1212 | D:2      | Found a white marble altar of Elyvilon.
  1214 | D:2      | Found a stormy altar of Qazlal.
  1215 | D:2      | Found a radiant altar of Vehumet.
  1249 | D:2      | Found a basalt altar of Yredelemnul.
  1254 | D:2      | Found a shattered altar of Ashenzari.
  1435 | D:3      | Slain by an orc priest

Levels and vault maps discovered:
D:1:      evilmike_arrival_rings, layout_rooms
D:2:      layout_rooms, minmay_overflow_temple_star_hex
D:3:      layout_loops_ring, goddamned_bats, uniq_crazy_yiuf_cottage

Skill      XL: |  1  2  3 |
---------------+----------+-----
Axes           | 3 |  3.5
Armour         | 2 |  2.0
Fighting       | |  3.9
Dodging        | |  1.8

Action                   || total
-------------------------++-------
Melee: Hand axe          ||    70
Invok: Berserk           ||     1
  Eat: Chunk             ||     1
Armor: Animal skin       ||     4
       Chain mail        ||    19
Dodge: Dodged            ||    34
